 Dungeon Crawl Stone Soup version 0.18-a0-1293-g5a2c81a (webtiles) character file.

155 Tomstefer the Chopper (level 5, -1/42 HPs)
             Began as a Minotaur Gladiator on Feb 10, 2016.
             Slain by an orc
             ... wielding a +0 hand axe
              (5 damage)
             ... on level 3 of the Dungeon.
             The game lasted 00:09:38 (1955 turns).

Tomstefer the Chopper (Minotaur Gladiator)          Turns: 1955, Time: 00:09:40

Health: -1/42      AC: 10    Str: 20    XL:     5   Next: 14%
Magic:  4/4        EV: 13    Int:  5    God:
Gold:   148        SH:  0    Dex: 13    Spells: 0 memorised, 4 levels left

rFire  . . .     SeeInvis .     a - +1 war axe
rCold  . . .     Gourm    .     i - +0 scale mail
rNeg   . . .     Faith    .     (no shield)
rPois  .         Spirit   .     c - +0 hat
rElec  .         Dismiss  .     w - +0 cloak
rCorr  .         Reflect  .     u - +2 pair of gloves
SustAt .         Harm     .     (no boots)
MR     .....                    (no amulet)
Stlth  ..........               o - +2 ring of dexterity
                                e - +2 ring of evasion

@: lethally poisoned (-1 -> -7), not resistant to hostile enchantments,
extremely unstealthy
A: retaliatory headbutt, horns 2, evolution 1
a: no special abilities


You were on level 3 of the Dungeon.
You were not hungry.

You visited 1 branch of the dungeon, and saw 3 of its levels.

You collected 148 gold pieces.

Inventory:

Hand Weapons
 a - a +1 war axe (weapon)
Missiles
 d - 3 throwing nets (quivered)
Armour
 b - a +0 leather armour
 c - a +0 hat (worn)
 i - a +0 scale mail (worn)
 u - a +2 pair of gloves (worn)
 w - a +0 cloak (worn)
Jewellery
 e - a +2 ring of evasion (left hand)
 o - a +2 ring of dexterity (right hand)
 q - an uncursed amulet of dismissal
Wands
 g - a wand of confusion (13/48)
 m - a wand of paralysis (5/24)
 p - a wand of lightning (5/15)
Scrolls
 h - 2 scrolls of remove curse
 l - 2 scrolls of identify
Potions
 n - a potion of berserk rage {unknown}
 r - a potion of curing {unknown}
 t - a potion of haste {unknown}
Comestibles
 f - 3 bread rations
 j - 2 meat rations
 k - 16 chunks of flesh
 s - 2 slices of pizza
 v - a beef jerky


   Skills:
 - Level 2.4 Fighting
 + Level 7.0 Axes
 - Level 2.0 Throwing
 - Level 3.3 Dodging


You had 4 spell levels left.
You didn't know any spells.

Dungeon Overview and Level Annotations

Branches:
Dungeon (3/15)

Altars:


Innate Abilities, Weirdness & Mutations

You reflexively headbutt those who attack you in melee.
You have a pair of horns on your head.
You evolve.


Message History

You feel sick.
You hear the rusting of a very distant drain.
* * * LOW HITPOINT WARNING * * *
You feel sick.
A bat comes into view.
* * * LOW HITPOINT WARNING * * *
You feel sick. The bat misses you.
You barely miss the bat. Your headbutt misses the bat. You hit the orc.
The orc is moderately wounded.
* * * LOW HITPOINT WARNING * * *
You feel sick. The bat hits you but does no damage. The orc misses you.
You miss the bat. You closely miss the orc.
The orc is moderately wounded.
* * * LOW HITPOINT WARNING * * *
You feel sick.
The bat closely misses you. x2; You furiously retaliate!
You headbutt the bat.
You kill the bat!
The orc hits you with a hand axe.
You die...

### ### #..
##########o#####
#.#
......<@ooo....#
#.#
##########.#o#.#
##.#
#.#.#.######...
#o#.#.........#
#)#.####.####..
.l..# #.# #.#
.o.o.# #.# #.#
.##...# #.# #.#
.. ..... #.#
##..


You could see 3 orc priests, an orc wizard and an orc.

Vanquished Creatures
  Jessica (D:3)
  3 adders
  3 gnolls (D:2)
  A worm (D:2)
  2 giant geckos (D:2)
  4 orcs (D:3)
  6 giant cockroaches
  6 goblins
  7 hobgoblins
  6 jackals
  7 kobolds
  2 quokkas (D:2)
  2 ball pythons
  4 bats
  A giant newt (D:3)
  7 rats
62 creatures vanquished.

Notes
Turn   | Place    | Note
--------------------------------------------------------------
     0 | D:1      | Tomstefer the Minotaur Gladiator began the quest for the Orb.
     0 | D:1      | Reached XP level 1. HP: 18/18 MP: 0/0
   256 | D:1      | Reached skill level 4 in Axes
   371 | D:1      | Reached XP level 2. HP: 25/25 MP: 1/1
   825 | D:2      | Reached skill level 5 in Axes
   828 | D:2      | Reached XP level 3. HP: 27/30 MP: 2/2
  1059 | D:2      | Reached XP level 4. HP: 28/37 MP: 3/3
  1063 | D:2      | Reached skill level 6 in Axes
  1554 | D:2      | Gained mutation: You evolve. [potion of beneficial mutation]
  1693 | D:3      | Noticed Jessica
  1708 | D:3      | Killed Jessica
  1771 | D:3      | Reached XP level 5. HP: 42/42 MP: 4/4
  1810 | D:3      | Reached skill level 7 in Axes
  1955 | D:3      | Slain by an orc

Vault maps used:
D:1:      kilobyte_arrival_exit_the_forest
D:3:      first_bread, lightli_sewer_entry_pipes, minmay_misc_feat_cross,
          uniq_jessica

Action                   |  1- 3 |  4- 6 || total
-------------------------+-------+-------++-------
Melee: War axe           |    65 |    55 ||   120
  Use: Scroll            |       |     6 ||     6
       Potion            |       |     1 ||     1
  Eat: Chunk             |       |     3 ||     3
